 Dungeon Crawl Stone Soup version 0.20.1-1-g8b1a95d (webtiles) character file.

74 yevrey the Ruffian (level 4, -6/35 HPs)
             Began as a Draconian Transmuter on Nov 11, 2017.
             Mangled by Crazy Yiuf
             ... wielding a +4 quarterstaff of chaos
              (18 damage)
             ... on level 2 of the Dungeon.
             The game lasted 00:04:45 (1720 turns).

yevrey the Ruffian (Draconian Transmuter)           Turns: 1720, Time: 00:04:45

Health: -6/35      AC:  5    Str: 13    XL:     4   Next: 9%
Magic:  7/8        EV: 12    Int: 14    God:
Gold:   27         SH:  0    Dex: 11    Spells: 2/8 levels left

rFire    . . .     SeeInvis .     - Unarmed
rCold    . . .     Gourm    .   (no shield)
rNeg     . . .     Faith    .   (armour unavailable)
rPois    .         Spirit   .   (helmet restricted)
rElec    .         Reflect  .   (no cloak)
rCorr    .         Harm     .   (no gloves)
MR       .....                  (boots currently unavailable)
Stlth    +.........             (no amulet)
Regen    0.2/turn               (no ring)
MPRegen  0.2/turn               (no ring)

@: appendage (expiring)
A: unfitting armour, talons 3, cold-blooded, AC +5
a: End Transformation


You were on level 2 of the Dungeon.
You were hungry.
You had grown temporary talons.
You visited 1 branch of the dungeon, and saw 4 of its levels.

You collected 27 gold pieces.

Inventory:

Hand Weapons
 n - a +1 dagger of venom
Missiles
 a - 57 arrows
Jewellery
 f - an uncursed ring of positive energy {unknown}
Scrolls
 d - a scroll of blinking {unknown}
 e - a scroll of enchant weapon {unknown}
 j - a scroll of teleportation {unknown}
 k - 2 scrolls of noise {unknown}
 m - 2 scrolls of remove curse {unknown}
 o - a scroll of identify {unknown}
 p - a scroll of fog {unknown}
 q - a scroll of enchant armour {unknown}
Potions
 g - a potion of brilliance {unknown}
 h - 2 potions of flight {unknown}
 i - 2 potions of ambrosia {unknown}
 l - a potion of heal wounds {unknown}
 s - 2 potions of invisibility {unknown}
Books
 b - a book of Changes

   Spells                             Type                      Level
   a - Beastly Appendage              Transmutation                1
   b - Sticks to Snakes               Transmutation                2
   c - Spider Form                    Transmutation/Poison         3
   d - Ice Form                       Ice/Transmutation            4
   e - Blade Hands                    Transmutation                5
Comestibles
 c - a bread ration
 r - a royal jelly


   Skills:
 + Level 1.4 Fighting
 - Level 2.0 Dodging
 + Level 3.9 Unarmed Combat
 + Level 2.6 Spellcasting
 + Level 2.6 Transmutations


You had 2 spell levels left.
You knew the following spells:

 Your Spells              Type           Power        Failure   Level  Hunger
a - Beastly Appendage     Tmut           #.....       8%          1    #......
b - Sticks to Snakes      Tmut           #.......     12%         2    ###....
c - Spider Form           Tmut/Pois      #.........   36%         3    ###....


Dungeon Overview and Level Annotations

Branches:
Dungeon (4/15)
 Temple: D:4-7

Altars:
Qazlal

Annotations:
D:2 Crazy Yiuf


Innate Abilities, Weirdness & Mutations

Your plain brown scales are hard. (AC +5)
You cannot fit into any form of body armour.
You are cold-blooded and may be slowed by cold attacks.
You have claws for feet.


Message History

Your ball python barely misses Crazy Yiuf.
Crazy Yiuf hits your ball python with a quarterstaff of chaos!
Your ball python dies!
You hit Crazy Yiuf but do no damage.
Crazy Yiuf hits you with a quarterstaff of chaos!
You hit Crazy Yiuf.
Crazy Yiuf is moderately wounded.
You barely miss Crazy Yiuf. Your kick misses Crazy Yiuf.
Crazy Yiuf is moderately wounded.
Crazy Yiuf hits you with a quarterstaff of chaos!
* * * LOW HITPOINT WARNING * * *
Crazy Yiuf yells, "Dawk song light!"
There is a shaft here.
Crazy Yiuf whimpers, "Mountain mumblescurry mobile!"
Crazy Yiuf says, "Cod canine light!"
Crazy Yiuf laughs, "Citrus!"
Your transformation is almost over.
Crazy Yiuf hits you with a quarterstaff of chaos!!
Ouch! That really hurt!
You die...

############### #..............
##.############# # #........# #
# ♣♣♣♣♣###########.# # # ###
♣♣♣.♣.......### #.# # #
#...#♣..♣^.........# #.#######
#
#...'.♣♣♣♣....@..#.####.##...##
# #)..#♣♣
♣♣....g##.#........... # ###
♣♣##..........##...#. #
##................ #
##.........##...## #
############ #...............>#
# #.#........#
#..........##...##
###.#..#####.#
#..........##...#
.............#
#..[.......######


You could see Crazy Yiuf.

Vanquished Creatures
  2 adders (D:2)
  An ooze (D:3)
  A worm (D:2)
  2 dart slugs (D:2)
  A leopard gecko (D:1)
  2 giant cockroaches (D:1)
  6 goblins
  3 hobgoblins
  5 jackals
  A quokka (D:3)
  2 ball pythons (D:2)
  3 bats (D:1)
  2 frilled lizards
  5 kobolds
  8 rats
44 creatures vanquished.

Vanquished Creatures (others)
  2 jackals (D:2)
2 creatures vanquished.

Grand Total: 46 creatures vanquished

Notes
Turn   | Place    | Note
-------+----------+-------------------------------------------
     0 | D:1      | yevrey the Draconian Transmuter began the quest for the Orb.
     0 | D:1      | Reached XP level 1. HP: 16/16 MP: 3/3
   126 | D:1      | Reached XP level 2. HP: 16/23 MP: 1/5
   144 | D:1      | Learned a level 2 spell: Sticks to Snakes
   734 | D:1      | Reached XP level 3. HP: 28/28 MP: 4/6
   739 | D:1      | Learned a level 3 spell: Spider Form
  1325 | D:2      | Reached XP level 4. HP: 35/35 MP: 1/7
  1403 | D:2      | Found a stormy altar of Qazlal.
  1692 | D:2      | Found a runed door.
  1696 | D:2      | Noticed Crazy Yiuf
  1720 | D:2      | Mangled by Crazy Yiuf

Skill      XL: |  1  2 |
---------------+-------+-----
Dodging        | 2 |  2.0
Fighting       | |  1.4
Unarmed Combat | |  3.9
Spellcasting   | |  2.6
Transmutations | |  2.6

Action                   |  1- 3 |  4- 6 || total
-------------------------+-------+-------++-------
Melee: Unarmed           |   116 |    11 ||   127
       Tailslap          |     9 |       ||     9
       Kick              |     8 |     3 ||    11
       Headbutt          |     7 |       ||     7
 Cast: Beastly Appendage |    20 |     4 ||    24
       Spider Form       |     2 |       ||     2
       Sticks to Snakes  |       |     1 ||     1
 Stab: Sleeping          |     1 |       ||     1
  Eat: Chunk             |     2 |     1 ||     3
Armor: Skin              |    27 |     2 ||    29
Dodge: Dodged            |    79 |     5 ||    84
